 Dungeon Crawl Stone Soup version 0.26-a0-753-g4680b4fa2e (webtiles) character file.

Game seed: 4494909832395185737

1293 GordonOverkill the Frost Mage (level 8, -3/61 HPs)
             Began as a Barachi Ice Elementalist on Nov 7, 2020.
             Was a Follower of Vehumet.
             Slain by an ice beast (4 damage)
             ... on level 5 of the Dungeon.
             The game lasted 00:12:32 (7106 turns).

GordonOverkill the Frost Mage (BaIE)                Turns: 7106, Time: 00:12:33

Health: -3/61      AC:  4    Str: 13    XL:     8   Next: 56%
Magic:  23/23      EV: 12    Int: 15    God:    Vehumet [*.....]
Gold:   468        SH:  4    Dex: 12    Spells: 7/16 levels left

rFire    . . .     SeeInvis .   v - +5 dagger of Tuihuywa {venom, *Corrode rC++}
rCold    + + .     Faith    .   o - +0 buckler
rNeg     . . .     Spirit   .   a - +0 robe
rPois    +         Reflect  .   z - +0 helmet
rElec    .         Harm     .   u - +0 cloak
rCorr    .         Rampage  .   (no gloves)
MR       .....                  (no boots)
Stlth    ++........             (no amulet)
HPRegen  0.20/turn              g - ring of magical power
MPRegen  0.18/turn              A - ring of poison resistance

@: berserk cooldown, slowed, very slow
A: +LOS, swims, slowness 1, strong legs 1
a: Hop, Renounce Religion


You were on level 5 of the Dungeon.
You worshipped Vehumet.
Vehumet was aware of your devotion.
You visited 1 branch of the dungeon, and saw 5 of its levels.

You collected 468 gold pieces.

Inventory:

Hand Weapons
 v - the +5 dagger of Tuihuywa (weapon) {venom, *Corrode rC++}
   (You found it on level 4 of the Dungeon)

   It poisons the flesh of those it strikes.
   It greatly protects you from cold.
   It may corrode you when you take damage.
Missiles
 l - 8 poisoned darts (quivered)
 s - 4 boomerangs
Armour
 a - a +0 robe (worn)
 o - a +0 buckler (worn)
 u - a +0 cloak (worn)
 z - a +0 helmet (worn)
Jewellery
 g - a ring of magical power (left hand)
 A - a ring of poison resistance (right hand)
Wands
 i - a wand of disintegration (9)
 r - a wand of enslavement (19)
 t - a wand of iceblast (4)
Scrolls
 d - 4 scrolls of teleportation
 f - 2 scrolls of amnesia
 k - a scroll of blinking
 n - 2 scrolls of remove curse
 q - a scroll of fog
 w - a scroll of immolation {unknown}
 y - a scroll of fear
Potions
 b - a potion of resistance
 c - a potion of brilliance
 e - 2 potions of heal wounds
 j - 2 potions of flight
 m - a potion of cancellation
 x - a potion of mutation
 B - a potion of haste


   Skills:
 + Level 4.7 Fighting
 - Level 2.1 Dodging
 - Level 1.7 Stealth
 + Level 3.3 Shields
 + Level 4.5 Spellcasting
 - Level 3.0 Conjurations
 * Level 8.6 Ice Magic
 + Level 3.4 Evocations


You had 7 spell levels left.
You knew the following spells:

 Your Spells              Type           Power        Failure   Level
a - Freeze                Ice            ####         1%          1
b - Frozen Ramparts       Ice            ####..       1%          3
c - Hailstorm             Conj/Ice       ###.....     17%         4
d - Shock                 Conj/Air       #...         10%         1

Your spell library contained the following spells:

 Spells                   Type           Power        Failure   Level
 Ozocubu's Armour         Ice            ####....     1%          3
 Summon Ice Beast         Ice/Summ       ###.....     30%         4


Dungeon Overview and Level Annotations

Branches:
Dungeon (5/15)
 Temple: D:4-7

Altars:
Cheibriados
Dithmenos
Elyvilon
Gozag
Kikubaaqudgha
Makhleb
Nemelex Xobeh
Vehumet

Shops:
D:5 }

Annotations:
D:5 1 transporter


Innate Abilities, Weirdness & Mutations

You can be seen from farther away. (+LOS)
You can swim through water.
You cover ground slowly.
You can hop short distances.


Message History

The ice beast barely resists.
The ice beast hits you but does no damage.
The ice beast barely misses you.
Evoke which item? (* to show all) (? for menu, Esc to quit)
Aiming: Disintegrate
Press: ? - help, Shift-Dir - straight line, f/p - ice beast
Aim: an ice beast (freezing vapour, almost dead, chance to defeat MR: 79%)
The ice beast barely resists.
The ice beast completely misses you.
Evoke which item? (* to show all) (? for menu, Esc to quit)
Aiming: Disintegrate
Press: ? - help, Shift-Dir - straight line, f/p - ice beast
Aim: an ice beast (freezing vapour, almost dead, chance to defeat MR: 79%)
The ice beast barely resists.
The ice beast hits you.
* * * LOW HITPOINT WARNING * * *
The ice beast freezes you. You resist.
* * * LOW HITPOINT WARNING * * *
The ice beast hits you.
* * * LOW HITPOINT WARNING * * *
The ice beast freezes you. You resist.
You die...

#########.#.##....#
#[#.##..©.#
#.#.#########
#.#.#○°○°○○○#
#.#.#☼○°☼○○°#
#.#.#°☼#©#☼°#
#...#☼○...○○#
#..##○☼#.#○°#
##.##☼○.@.°°#
#.####☼○Y####
#.#°☼°°°☼○○○#
#.#°°☼○☼○☼°°#
#.#°○☼...○○☼#
#.#☼○☼$[$☼°○#
#.#○°°(©)°○○#
#.###########
#......©.##


You could see an ice beast.

Vanquished Creatures
  Sigmund (D:5)
  Edmund (D:5)
  2 ice beasts (D:5)
  A big kobold (D:4)
  A bullfrog (D:4)
  A howler monkey (D:4)
  A crimson imp (D:3)
  5 orc priests
  Crazy Yiuf (D:3)
  2 bullfrog skeletons
  4 orc wizards
  An iguana (D:4)
  Natasha (twice) (D:3)
  2 worker ants
  A worker ant zombie (D:5)
  5 adders
  An ooze (D:4)
  An adder skeleton (D:4)
  2 worms (D:1)
  3 dart slugs
  4 leopard geckos
  22 orcs
  A ball python (D:4)
  8 bats
  5 giant cockroaches
  3 hobgoblins (D:1)
  8 jackals
  6 kobolds
  A quokka (D:3)
  A frilled lizard (D:1)
  4 goblins
  8 rats
109 creatures vanquished.

Notes
Turn   | Place    | Note
-------+----------+-------------------------------------------
     0 | D:1      | GordonOverkill the Barachi Ice Elementalist began the quest
                  | for the Orb.
     0 | D:1      | Reached XP level 1. HP: 13/13 MP: 3/3
    64 | D:1      | Reached skill level 5 in Ice Magic
    91 | D:1      | Reached XP level 2. HP: 19/20 MP: 1/5
   200 | D:1      | Reached skill level 1 in Fighting
   605 | D:1      | Reached XP level 3. HP: 22/26 MP: 0/6
  1654 | D:1      | Reached XP level 4. HP: 3/33 MP: 1/8
  1655 | D:1      | Reached skill level 6 in Ice Magic
  2277 | D:2      | Learned a level 3 spell: Frozen Ramparts
  2282 | D:2      | Learned a level 4 spell: Hailstorm
  2412 | D:2      | Reached XP level 5. HP: 39/39 MP: 9/9
  3297 | D:3      | Reached skill level 1 in Shields
  3297 | D:3      | Reached skill level 1 in Evocations
  3541 | D:3      | Reached XP level 6. HP: 43/46 MP: 11/11
  3722 | D:3      | Found a shadowy altar of Dithmenos.
  3824 | D:3      | Noticed Natasha
  3829 | D:3      | Killed Natasha
  3898 | D:3      | Found a burning altar of Makhleb.
  3914 | D:3      | Found a radiant altar of Vehumet.
  3950 | D:3      | Became a worshipper of Vehumet
  4069 | D:3      | Noticed Natasha
  4079 | D:3      | Killed Natasha
  4079 | D:3      | Reached skill level 7 in Ice Magic
  4271 | D:3      | Found a runed translucent door.
  4272 | D:3      | Noticed Crazy Yiuf
  4439 | D:3      | Killed Crazy Yiuf
  4439 | D:3      | Reached skill level 1 in Conjurations
  4632 | D:4      | Reached XP level 7. HP: 26/52 MP: 12/12
  4669 | D:4      | Got a glimmering dagger
  4846 | D:4      | Identified the +5 dagger of Tuihuywa {venom, *Corrode rC++}
                  | (You found it on level 4 of the Dungeon)
  4893 | D:4      | Reached * piety under Vehumet
  4893 | D:4      | Offered knowledge of Shock by Vehumet.
  5759 | D:5      | Entered Level 5 of the Dungeon
  6031 | D:5      | Found a transporter.
  6083 | D:5      | Found Qoloraax's Gadget Shop.
  6350 | D:5      | Found a white marble altar of Elyvilon.
  6350 | D:5      | Found an ancient bone altar of Kikubaaqudgha.
  6355 | D:5      | Found a sparkling altar of Nemelex Xobeh.
  6359 | D:5      | Found an opulent altar of Gozag.
  6361 | D:5      | Found a snail-covered altar of Cheibriados.
  6497 | D:5      | Found a transporter.
  6582 | D:5      | Learned a level 1 spell: Shock
  6670 | D:5      | Noticed Sigmund
  6675 | D:5      | Killed Sigmund
  6675 | D:5      | Reached skill level 8 in Ice Magic
  6675 | D:5      | Reached XP level 8. HP: 48/60 MP: 14/14
  6724 | D:5      | Noticed Edmund
  6734 | D:5      | Killed Edmund
  7106 | D:5      | HP: 1/61 [ice beast (5)]
  7106 | D:5      | Slain by an ice beast

Illustrated notes

Levels and vault maps discovered:
D:1:      erik_arrival_triangle_large, layout_rooms, feat_on_display
D:2:      layout_basic
D:3:      layout_loops_ring, grunt_temple_overflow_lords_of_destruction,
          nicolae_dithmenos_through_a_glass_darkly, uniq_crazy_yiuf_cottage,
          uniq_natasha
D:4:      layout_loops_cross, grunt_decor_one_mirror, hangedman_decor_riveting
D:5:      gammafunk_cloud_chamber, layout_basic,
          chequers_temple_overflow_minitemple, serial_shops, shop,
          corexii_checkpoint_a, sigmund_edmund_badplayer

Skill      XL: |  1  2  3  4  5  6  7  8 |
---------------+-------------------------+-----
Ice Magic      | 5 6 7 8 |  8.6
Fighting       | 1 2 3 4 |  4.7
Spellcasting   | 3 4 |  4.5
Shields        | 1 2 3 |  3.3
Evocations     | 1 2 3 |  3.4
Conjurations   | 1 2 3 |  3.0
Dodging        | |  2.1
Stealth        | |  1.7

Action                   |  1- 3 |  4- 6 |  7- 9 || total
-------------------------+-------+-------+-------++-------
Melee: Club              |     1 |       |       ||     1
       Dagger            |     8 |       |    37 ||    45
       Trident           |       |    14 |     4 ||    18
Throw: Dart              |     2 |     4 |     2 ||     8
 Cast: Freeze            |    52 |    47 |    26 ||   125
       Frozen Ramparts   |       |    22 |    20 ||    42
       Hailstorm         |       |       |     1 ||     1
       Shock             |       |       |     1 ||     1
 Abil: Hop               |     1 |       |       ||     1
Evoke: Wand              |       |       |    12 ||    12
  Use: Scroll            |       |     6 |     8 ||    14
       Potion            |       |       |     1 ||     1
 Stab: Sleeping          |       |     1 |       ||     1
Armor: Robe              |    17 |     7 |     8 ||    32
Dodge: Dodged            |    46 |    27 |    41 ||   114
Block: Buckler           |       |     3 |    17 ||    20

Table legend: (Time is in decaauts)
 A = Elapsed time spent in this place.
 B = Non-inter-level travel time spent in this place.
 C = Inter-level travel time spent in this place.
 D = Time resting spent in this place.
 E = Time spent auto-exploring this place.
 F = Levels seen in this place.
 G = Mean time per level.
                   A        B        C        D        E       F      G
               +--------+--------+--------+--------+--------+-----+--------+
         Total |   7807 |   7344 |    463 |   2949 |   3381 |   5 | 1561.4 |
       Dungeon |   7807 |   7344 |    463 |   2949 |   3381 |   5 | 1561.4 |
               +--------+--------+--------+--------+--------+-----+--------+

Top non-repeatable levels by time:
     D:1: 2160 daAuts
     D:3: 1599 daAuts
     D:4: 1487 daAuts
     D:5: 1378 daAuts
     D:2: 1181 daAuts
